 Dungeon Crawl Stone Soup version 0.30-a0-374-g95c0257040 (webtiles) character file.

Game seed: 4652298608485999238

859 Smeargle the Shooter (level 8, 0/91 HPs)
             Began as a Human Hunter on Nov 22, 2022.
             Was an Initiate of Nemelex Xobeh.
             Slain by Edmund
             ... wielding a +0 dire flail of protection
              (6 damage)
             ... on level 5 of the Dungeon on Nov 25, 2022.
             The game lasted 00:48:29 (4247 turns).

Smeargle the Shooter (Human Hunter)                 Turns: 4247, Time: 00:48:30

Health: 0/91       AC: 24    Str: 14    XL:     8   Next: 22%
Magic:  8/8        EV:  2    Int:  9    God:    Nemelex Xobeh [......]
Gold:   315        SH:  0    Dex: 17    Spells: 7/7 levels left

rFire   . . .      SeeInvis +    a - +0 shortbow (flame)
rCold   . . .      Faith    .    (shield currently unavailable)
rNeg    . . .      Spirit   .    (body armour currently unavailable)
rPois   +          Reflect  .    (helmet currently unavailable)
rElec   .          Harm     .    (cloak currently unavailable)
rCorr   .          Rampage  .    (gloves currently unavailable)
Will    .....      NoTele   +    (boots currently unavailable)
Stlth   ++........               f - amulet of regeneration
HPRegen 1.15/turn                m - ring of see invisible
MPRegen 0.11/turn                (no ring)

@: brilliant, tree-form, weak-willed
A: stationary, stasis, torment immunity, boosted hp
a: Renounce Religion, Draw Escape, Draw Destruction, Draw Summoning


You were on level 5 of the Dungeon.
You worshipped Nemelex Xobeh.
Nemelex Xobeh was noncommittal.
You were a tree.
You visited 2 branches of the dungeon, and saw 6 of its levels.

You collected 315 gold pieces.

Inventory:

Hand Weapons
 a - a +0 shortbow of flaming (weapon)
 e - a +0 club
 i - a +0 short sword
 l - a +0 rapier
 n - a +4 dagger
 o - a +0 long sword
 u - a +0 sling
 z - a +2 mace of holy wrath
 B - a +0 trident
 E - a +0 sling
 L - a +2 spear of venom
 N - a +0 war axe
Missiles
 d - 42 stones
 h - 9 curare-tipped darts
 O - 3 boomerangs
Armour
 c - a +0 leather armour
 p - a +0 ring mail
 q - a +0 scale mail
 r - a +0 leather armour
 v - a +0 robe
 x - a +0 hat (melded)
 y - a +0 plate armour (melded)
 D - a +0 pair of gloves (melded)
Jewellery
 f - an amulet of regeneration (around neck)
 m - a ring of see invisible (left branch)
Wands
 Q - a wand of paralysis (5)
 S - a wand of iceblast (13)
Scrolls
 j - a scroll of magic mapping
 k - 3 scrolls of amnesia
 G - a scroll of brand weapon
 H - a scroll of enchant weapon {unknown}
 K - 2 scrolls of blinking {unknown}
Potions
 s - 2 potions of attraction
 w - a potion of lignification
 A - a potion of flight {unknown}
 F - a potion of degeneration {unknown}
 I - 2 potions of cancellation {unknown}
 M - a potion of curing {unknown}


   Skills:
 + Level 4.4 Fighting
 + Level 0.7 Short Blades
 + Level 7.7 Ranged Weapons
 + Level 3.2 Armour
 + Level 2.2 Dodging
 + Level 1.6 Stealth


You had 7 spell levels left.
You didn't know any spells.
Your spell library contained the following spells:

 Spells                   Type           Power      Damage    Failure   Level
 Ozocubu's Armour         Ice            0%         N/A       77%         3
 Summon Ice Beast         Ice/Summ       0%         N/A       99%         4
 Summon Mana Viper        Hex/Summ       0%         N/A       100%        5
 Monstrous Menagerie      Summ           0%         N/A       100%        7
 Ozocubu's Refrigeration  Ice            0%         4d7       100%        7


Dungeon Overview and Level Annotations

Branches:
Dungeon (5/15)             Temple (1/1) D:4

Altars:
Ashenzari
Dithmenos
Elyvilon
Fedhas
Gozag
Hepliaklqana
Kikubaaqudgha
Makhleb
Nemelex Xobeh
Okawaru
Qazlal
Ru
Sif Muna
Trog
Vehumet
Wu Jian
Yredelemnul
Zin
The Shining One

Annotations:
D:5 Edmund; Elric's ghost, amateur DEFE; Sigmund


Message History

Elric's ghost hits you.
* * * LOW HITPOINT WARNING * * *
Elric's ghost freezes you.
* * * LOW HITPOINT WARNING * * *
Edmund hits you but does no damage.
As you read the scroll labelled TOCHUAREGE, it crumbles to dust.
It is a scroll of enchant armour.
Okay, then.
Sigmund hits you but does no damage.
Elric's ghost hits you but does no damage.
Edmund splashes around in the water.
You shoot an arrow.
The arrow hits Edmund but does no damage.
Edmund is lightly wounded.
Elric's ghost hits you but does no damage.
Edmund hits you but does no damage. Sigmund hits you but does no damage.
You shoot an arrow. The arrow barely misses Edmund.
Elric's ghost completely misses you.
Edmund splashes around in the water.
You shoot an arrow.
The arrow hits Edmund but does no damage.
Edmund is lightly wounded.
Sigmund points at you and mumbles some strange words.
The puff of flame hits you.
* * * LOW HITPOINT WARNING * * *
Elric's ghost hits you but does no damage.
Edmund hits you but does no damage.
As you read the scroll labelled GUABUTH ZEIPAR, it crumbles to dust.
You feel aware of your surroundings.
It was a scroll of magic mapping.
Sigmund casts a spell at you.
The magic dart hits you but does no damage.
Elric's ghost hits you but does no damage.
Edmund hits you but does no damage.
Unknown command.
As you read the scroll labelled JATEAS ZAYSOSCH, it crumbles to dust.
You hear a loud clanging noise!
It was a scroll of noise.
Sigmund hits you but does no damage.
Elric's ghost hits you but does no damage.
Edmund hits you with a +0 dire flail of protection.
You die...
Your body disappears without a glow.

,* *,,,,,***,******,* ,*
*,,*,,,,,,,,,,,,,*
,*****,,*,,,,,,,,******
,,,,,,,,,,,,,,,,,*
***,***,,,,,,,,,,* *,*
****,,,,,,,* *,* *,,,,,,,*
*,******,,,##########
*,,,,,,,,**#..♣W.#..##
********** #)~@§~'...#
#....@#...# #########...#
#.........### #.#.####.##
***#########......#.######
,,,....#...#.............#
*****#............#.####.######*


You could see Edmund (inner flame, weak-willed), Sigmund (inner flame,
weak-willed) and Elric's ghost (inner flame, weak-willed).

Vanquished Creatures
  Grinder (D:3)
  A black bear (D:4)
  A kobold brigand (D:4)
  A scorpion (D:5)
  A howler monkey (D:5)
  A hound (D:4)
  A jelly (D:5)
  An orc priest (D:5)
  2 iguanas (D:5)
  3 orc wizards
  3 gnolls (D:4)
  7 adders
  3 worms
  A dart slug (D:1)
  13 orcs
  5 ball pythons
  4 bats
  4 endoplasms
  3 giant cockroaches
  4 hobgoblins
  7 jackals
  8 kobolds
  5 quokkas
  5 frilled lizards
  9 goblins
  6 rats
100 creatures vanquished.

Notes
Turn   | Place    | Note
-------+----------+-------------------------------------------
     0 | D:1      | Smeargle the Human Hunter began the quest for the Orb.
     0 | D:1      | Reached XP level 1. HP: 16/16 MP: 1/1
    59 | D:1      | Found a faded altar of an unknown god.
    81 | D:1      | Reached XP level 2. HP: 13/22 MP: 2/2
   104 | D:1      | Prayed at the altar of an unknown god.
   104 | D:1      | Became a worshipper of Ashenzari the Shackled
   359 | D:1      | Reached XP level 3. HP: 27/27 MP: 3/3
   442 | D:1      | Upgraded the game from 0.30-a0-371-gad7725a93e to
                  | 0.30-a0-372-g0ce2686038
   981 | D:2      | Found a sacrificial altar of Ru.
  1003 | D:2      | Fell from the grace of Ashenzari
  1003 | D:2      | Became a worshipper of Ru the Awakened
  1216 | D:2      | Reached XP level 4. HP: 21/34 MP: 4/4
  1276 | D:2      | Reached skill level 5 in Ranged Weapons
  1889 | D:3      | Was forgiven by Ashenzari
  1889 | D:3      | Reached XP level 5. HP: 25/39 MP: 5/5
  1901 | D:3      | Found a radiant altar of Vehumet.
  1935 | D:3      | Fell from the grace of Ru
  1935 | D:3      | Became a worshipper of Vehumet
  2040 | D:3      | Noticed Grinder
  2068 | D:3      | Paralysed by Grinder for 3 turns
  2073 | D:3      | Paralysed by Grinder for 3 turns
  2085 | D:3      | Paralysed by Grinder for 2 turns
  2093 | D:3      | Paralysed by Grinder for 2 turns
  2098 | D:3      | Killed Grinder
  2099 | D:3      | Reached skill level 6 in Ranged Weapons
  2099 | D:3      | Reached skill level 1 in Armour
  2099 | D:3      | Reached XP level 6. HP: 25/47 MP: 6/6
  2620 | D:4      | Reached XP level 7. HP: 50/52 MP: 7/7
  2710 | D:4      | Reached * piety under Vehumet
  2710 | D:4      | Offered knowledge of Magic Dart by Vehumet.
  2805 | D:4      | Found a sand-covered staircase.
  2878 | D:4      | Reached skill level 7 in Ranged Weapons
  2983 | D:4      | Found a staircase to the Ecumenical Temple.
  3001 | D:4      | Upgraded the game from 0.30-a0-372-g0ce2686038 to
                  | 0.30-a0-374-g95c0257040
  3201 | D:4      | Found a shadowy altar of Dithmenos.
  3202 | D:4      | Found a broken altar of Ashenzari.
  3217 | D:4      | Fell from the grace of Vehumet
  3217 | D:4      | Became a worshipper of Dithmenos the Shadowed
  3406 | Temple   | Entered the Ecumenical Temple
  3462 | Temple   | Fell from the grace of Dithmenos
  3462 | Temple   | Became a worshipper of Makhleb the Destroyer
  3667 | Temple   | Fell from the grace of Makhleb
  3667 | Temple   | Became a worshipper of Nemelex Xobeh the Trickster
  3780 | D:5      | Entered Level 5 of the Dungeon
  3894 | D:5      | Reached XP level 8. HP: 59/60 MP: 8/8
  3905 | D:5      | Paralysed by an orc for 2 turns
  4168 | D:5      | Found a glowing silver altar of Zin.
  4171 | D:5      | Found a white marble altar of Elyvilon.
  4171 | D:5      | Found a glowing golden altar of the Shining One.
  4204 | D:5      | Found a runed translucent door.
  4205 | D:5      | Noticed Elric's ghost (amateur DEFE)
  4214 | D:5      | Noticed Edmund
  4216 | D:5      | Noticed Sigmund
  4241 | D:5      | HP: 4/91 [Elric's ghost (1)]
  4247 | D:5      | Slain by Edmund

Illustrated notes

Levels and vault maps discovered:
D:1:      heliophobic_arrival_battle_scene, layout_basic,
          basic_ecumenical_altar, kennysheep_decorative_pillar,
          nrook_mini_vaults
D:2:      layout_basic, basic_altar
D:3:      layout_basic, overflow_temple_1_default, uniq_grinder
D:4:      layout_basic, gammafunk_temple_overflow_pools,
          minmay_temple_entry_enclosed_plants, nicolae_ossuary_entry_monument
D:5:      layout_loops_corners, dreamdust_divine_triumvirate,
          ebering_ghost_reflecting_pool, sigmund_edmund_badplayer
Temple:   hc_temple_tempest_star

Skill      XL: |  1  2  3  4  5  6  7  8 |
---------------+-------------------------+-----
Ranged Weapons | 5 6 7 |  7.7
Fighting       | 3 4 |  4.4
Armour         | 1 2 3 |  3.2
Short Blades   | |  0.7
Dodging        | |  2.2
Stealth        | |  1.6

Action                   |  1- 3 |  4- 6 |  7- 9 || total
-------------------------+-------+-------+-------++-------
Melee: Dagger            |       |    19 |       ||    19
       Shortbow          |       |     2 |     3 ||     5
 Fire: Shortbow          |    97 |   121 |   165 ||   383
  Use: Scroll            |     3 |     1 |     9 ||    13
       Potion            |       |     4 |     5 ||     9
Armor: Leather armour    |    10 |       |       ||    10
       Ring mail         |    11 |    13 |       ||    24
       Plate armour      |       |    62 |   136 ||   198
       Skin              |       |       |    31 ||    31
Dodge: Dodged            |    41 |    23 |    47 ||   111

Table legend: (Time is in decaauts)
 A = Elapsed time spent in this place.
 B = Non-inter-level travel time spent in this place.
 C = Inter-level travel time spent in this place.
 D = Time resting spent in this place.
 E = Time spent auto-exploring this place.
 F = Levels seen in this place.
 G = Mean time per level.
                   A        B        C        D        E       F      G
               +--------+--------+--------+--------+--------+-----+--------+
         Total |   4515 |   1244 |   3271 |      0 |    177 |   6 |  752.5 |
       Dungeon |   4242 |   1234 |   3008 |      0 |    177 |   5 |  848.4 |
        Temple |    273 |     10 |    263 |      0 |      0 |   1 |  273.0 |
               +--------+--------+--------+--------+--------+-----+--------+

Top non-repeatable levels by time:
     D:4: 1001 daAuts
     D:2: 921 daAuts
     D:1: 912 daAuts
     D:3: 877 daAuts
     D:5: 529 daAuts
  Temple: 273 daAuts
